[Event "*** MasterClass Titled Tuesday Blitz"]
[Site "Chess.com"]
[Date "2017.09.05"]
[Round "1"]
[White "kleinebeer98"]
[Black "playablecharacter"]
[Result "1-0"]
[WhiteElo "2429"]
[BlackElo "2029"]
[TimeControl "180+2"]
[EndTime "13:07:11 PDT"]
[Termination "kleinebeer98 won by checkmate"]

1. e4 c6 2. d4 d5 3. f3 Nf6 4. Nc3 e6 5. Be3 Bb4 6. Bd3 O-O 7. Ne2 dxe4 8. fxe4 e5 9. a3 Bxc3+ 10. bxc3 Bg4 11. O-O Nbd7 12. Qe1 Bxe2 13. Qxe2 Qe7 14. Bg5 Rfe8 15. Rf2 h6 16. Bxf6 Nxf6 17. Raf1 Rad8 18. Rf5 exd4 19. e5 Nd5 20. cxd4 Rf8 21. Qf3 g6 22. Qg3 Kh7 23. R5f3 Kg7 24. h4 f5 25. exf6+ Rxf6 26. Rxf6 Nxf6 27.
Qxg6+ Kh8 28. Rxf6 Rxd4 29. Rf8+ Qxf8 30. Qh7# 1-0

[Event "*** MasterClass Titled Tuesday Blitz"]
[Site "Chess.com"]
[Date "2017.09.05"]
[Round "1"]
[White "XeresLt"]
[Black "Keranke"]
[Result "0-1"]
[WhiteElo "2397"]
[BlackElo "2692"]
[TimeControl "180+2"]
[EndTime "13:07:12 PDT"]
[Termination "Keranke won by resignation"]

1. e4 g6 2. d4 Bg7 3. Nc3 d6 4. Be3 a6 5. Qd2 b5 6. h4 h6 7. h5 g5 8. O-O-O Bb7 9. f3 Nd7 10. Nge2 c5 11. dxc5 Nxc5 12. Nd4 Qa5 13. Kb1 Rc8 14.
Nd5 Qxd2 15. Rxd2 Be5 16. Be2 Nf6 17. Nxf6+ Bxf6 18. Rhd1 Na4 19. c3 g4 20. Nf5 Bg5 21. Bxg5 hxg5 22. h6 Nc5 23. Bd3 gxf3 24. gxf3 Rd8 25.
Bc2 Bc8 26. Rh2 Bxf5 27. exf5 Nd7 28. Rg1 f6 29. Be4 Ne5 30. Bd5 Nd3 31. h7 Nf4 32. Bg8 Kf8 33. Re1 Rc8 34. Rd2 Rc5 35. Rd4 Rxf5 36.
a4 Ng6 37. axb5 axb5 38. Rb4 Nh4 39. Rxb5 Rxb5 0-1

[Event "*** MasterClass Titled Tuesday Blitz"]
[Site "Chess.com"]
[Date "2017.09.05"]
[Round "1"]
[White "gammagramma"]
[Black "VladDobrov"]
[Result "0-1"]
[WhiteElo "2345"]
[BlackElo "2643"]
[TimeControl "180+2"]
[EndTime "13:07:14 PDT"]
[Termination "VladDobrov won by resignation"]

1. d4 Nf6 2. Nf3 e6 3. e3 c5 4. Be2 Nc6 5. O-O d5 6. b3 b6 7. Bb2 Bb7 8. c4 cxd4 9. Nxd4 Nxd4 10. Qxd4 Bc5 11. Qh4 O-O 12. Rd1 Ne4 13. Qg4 g6 14.
Nc3 h5 15. Qf4 Bd6 16. Qh6 Bxh2+ 17. Kf1 Qg5 18. Nxe4 Qxh6 19. Nf6+ Kh8 20. Ng4+ Kh7 21. Nxh6 Bc7 22. Nxf7 Rxf7 23. Bf3 Raf8 24. cxd5 Bxd5 25.
Rac1 Bb8 26. Rxd5 exd5 27. Ke2 g5 28. Bd4 g4 29. Bxd5 Rxf2+ 30. Kd3 Rd8 31. Be4+ Kh6 32. Rc6+ Kg5 33. Kc4 Kh4 34. Rh6 Re8 35. Bg6 Rc8+ 36.
Kb5 Kg5 37. Bf5 Rxf5+ 0-1

[Event "*** MasterClass Titled Tuesday Blitz"]
[Site "Chess.com"]
[Date "2017.09.05"]
[Round "1"]
[White "Izoria123"]
[Black "AbdAlAgathos"]
[Result "1-0"]
[WhiteElo "2638"]
[BlackElo "2344"]
[TimeControl "180+2"]
[EndTime "13:07:14 PDT"]
[Termination "Izoria123 won by resignation"]

1. e4 e6 2. Qe2 c5 3. Nf3 Nc6 4. c3 Nf6 5. g3 Be7 6. Bg2 d5 7. e5 Nd7 8. d4 a5 9. O-O b6 10.
Re1 Ba6 11. Qd1 cxd4 12. cxd4 Nb4 13. Bf1 Bxf1 14. Rxf1 Qc8 15. Nc3 Qa6 16. Qa4 Rd8 17. Nb5 O-O 18. Bd2 Nb8 19. a3 N4c6 20. Rac1 Na7 21.
Nxa7 Qxa7 22. Rc3 f6 23. Rfc1 fxe5 24. Rc7 Qa6 25. Nxe5 Bd6 26. R7c2 Bxe5 27. dxe5 Nd7 28. Bg5 Nxe5 29. Bxd8 Rxd8 30. Qf4 Nd3 31. Qg5 Rf8 32. Rd1 Nxf2 33. Rxf2 1-0

[Event "*** MasterClass Titled Tuesday Blitz"]
[Site "Chess.com"]
[Date "2017.09.05"]
[Round "1"]
[White "Aygehovit1992"]
[Black "Blitzking4444"]
[Result "1-0"]
[WhiteElo "2449"]
[BlackElo "2074"]
[TimeControl "180+2"]
[EndTime "13:07:14 PDT"]
[Termination "Aygehovit1992 won by checkmate"]

1. e4 e6 2. d4 d5 3. Nc3 Nf6 4. Bg5 Bb4 5. exd5 Qxd5 6. Bxf6 Bxc3+ 7. bxc3 gxf6 8. Nf3 Rg8 9. g3 Qa5 10. Qd2 c5 11. Bg2 Qa6 12. Qd3 Qxd3 13. cxd3 cxd4 14. Nxd4 a6 15. Rb1 e5 16. Nc2 Nc6 17. Rb6 Kd7 18.
Ke2 Kc7 19. Rhb1 Ra7 20. Ne3 Be6 21. Nd5+ Bxd5 22. Bxd5 Nd8 23. Rxf6 Rg7 24. Rh6 b5 25.
Be4 f5 26. Bxf5 Kb8 27. Rb4 Rgf7 28. Be4 Rfe7 29. a4 Ne6 30. axb5 a5 31. b6 Ra6 32. Rb5 a4 33. Rxe5 a3 34. Rhxe6 Rxe6 35. Rxe6 Rxb6 36. Rxb6+ Ka7 37. Rb3 a2 38. Ra3+ Kb6 39. Rxa2 h5 40. d4 h4 41. c4 Kc7 42. gxh4 Kd6 43. c5+ Kc7 44. f4 Kd7 45. d5 Kc7 46. f5 Kd7 47. f6 Ke8 48. Bg6+ Kd7 49. Ra7+ Kc8 50. d6 Kd8 51. c6 Kc8 52. Ra8# 1-0

[Event "*** MasterClass Titled Tuesday Blitz"]
[Site "Chess.com"]
[Date "2017.09.05"]
[Round "1"]
[White "ftorodent"]
[Black "r31415"]
[Result "1-0"]
[WhiteElo "2476"]
[BlackElo "2148"]
[TimeControl "180+2"]
[EndTime "13:07:18 PDT"]
[Termination "ftorodent won by checkmate"]

1. d4 d6 2. Nf3 g6 3. c4 f5 4. Nc3 Nf6 5. h4 Bg7 6. h5 Nxh5 7. e4 fxe4 8. Nxe4 Bg4 9. Be2 Nc6 10. Be3 Qd7 11.
d5 Nd8 12. Nfg5 Bxe2 13. Qxe2 h6 14. Rxh5 gxh5 15. Qxh5+ Kf8 16. Nh3 Qe8 17. Qg4 e5 18. O-O-O Nf7 19. f4 Qc8 20. Qh5 Qe8 21. Rf1 Kg8 22.
Qg6 Kf8 23. f5 Ng5 24. Nhxg5 hxg5 25. Qxg5 Bh6 26. Qf6+ Kg8 27. Bxh6 Qf7 28. Qg5+ Kh7 29. Rh1 Rag8 30. Bg7+ Qh5 31. Rxh5# 1-0

[Event "*** MasterClass Titled Tuesday Blitz"]
[Site "Chess.com"]
[Date "2017.09.05"]
[Round "1"]
[White "rubhani"]
[Black "danyuffa"]
[Result "0-1"]
[WhiteElo "2297"]
[BlackElo "2559"]
[TimeControl "180+2"]
[EndTime "13:07:22 PDT"]
[Termination "danyuffa won by resignation"]

1. e4 Nf6 2. e5 Nd5 3. d4 d6 4. c4 Nb6 5. exd6 exd6 6. Nc3 Be7 7.
Be3 O-O 8. Bd3 Nc6 9. Nge2 Bg4 10. O-O Re8 11. b3 Bf6 12. Qd2 Bh5 13. Nf4 Bg6 14. Bxg6 hxg6 15. Nfd5 Nxd5 16. Nxd5 Ne7 17. Nxf6+ gxf6 18. d5 Nf5 19. Bd4 Nxd4 20. Qxd4 Kg7 21. Rfe1 Qd7 22.
h3 a5 23. a3 b6 24. b4 a4 25. c5 bxc5 26. bxc5 Re5 27. f4 Rxe1+ 28. Rxe1 Ra5 29. Rc1 Qf5 30. g4 dxc5 31. Qd2 Qe4 32. Re1 Qd4+ 33.
Qxd4 cxd4 34. Rc1 d3 0-1

[Event "*** MasterClass Titled Tuesday Blitz"]
[Site "Chess.com"]
[Date "2017.09.05"]
[Round "1"]
[White "NTBT_DHS"]
[Black "kikydu96"]
[Result "1-0"]
[WhiteElo "2545"]
[BlackElo "2294"]
[TimeControl "180+2"]
[EndTime "13:07:24 PDT"]
[Termination "NTBT_DHS won by checkmate"]

1. d4 d5 2. c4 c6 3. Nf3 Nf6 4. e3 Bf5 5. Nc3 a6 6. Ne5 e6 7. f4 Nbd7 8. g4 Be4 9. Rg1 Nxe5 10. dxe5 Nd7 11. cxd5 Qh4+ 12. Rg3 cxd5 13. Nxe4 dxe4 14.
Qc2 Bb4+ 15. Kf2 Qxh2+ 16. Bg2 Be1+ 17. Kxe1 Qxg3+ 18. Kf1 O-O 19. Bd2 Rac8 20. Qxe4 Nc5 21. Qf3 Qxf3+ 22. Bxf3 Rfd8 23. Ba5 Rd7 24. Rc1 Rd3 25.
Bxb7 Rb8 26. Rxc5 h5 27. Bxa6 Rxe3 28. Bc3 hxg4 29. Be2 g3 30. Bg4 Rd8 31. Kg2 Re4 32.
Kf3 Ra4 33. Kxg3 Rxa2 34. f5 Rd3+ 35. Kf2 Ra4 36. fxe6 fxe6 37. Bxe6+ Kf8 38. Bc4 Rh3 39. Rc7 Ra1 40. e6 Rh2+ 41. Kg3 Rh5 42. Bb4+ Ke8 43. Rc8# 1-0

[Event "*** MasterClass Titled Tuesday Blitz"]
[Site "Chess.com"]
[Date "2017.09.05"]
[Round "1"]
[White "Sanan_Sjugirov"]
[Black "pastouche06"]
[Result "1-0"]
[WhiteElo "2650"]
[BlackElo "2347"]
[TimeControl "180+2"]
[EndTime "13:07:25 PDT"]
[Termination "Sanan_Sjugirov won by resignation"]

1. d4 g6 2. e4 Bg7 3. Nc3 e6 4. Nf3 Ne7 5. h4 h6 6. Be3 d5 7.
Bd3 a6 8. Qd2 dxe4 9. Bxe4 Nd5 10.
Bxd5 exd5 11. O-O-O Be6 12. Bf4 Nc6 13. Rde1 Qd7 14.
Ne5 Nxe5 15. Bxe5 f6 16. Bxc7 O-O 17. Bf4 h5 18. Bh6 b5 19. Bxg7 Kxg7 20. Re3 Rfe8 21. Rhe1 Bf7 22. Rxe8 Rxe8 23. Rxe8 Qxe8 24. Qe2 Qd7 25.
a3 Qf5 26. Qe3 Qg4 27. g3 Qd7 28. Ne2 a5 29. b3 Qd6 30. Kb2 Qc6 31. Nf4 b4 32. a4 Qb6 33. Nd3 Qa6 34. Qe7 Qb6 35.
Nc5 Qc6 36. Qd7 Qb6 37. f4 Qa6 38. Nxa6 1-0

[Event "*** MasterClass Titled Tuesday Blitz"]
[Site "Chess.com"]
[Date "2017.09.05"]
[Round "1"]
[White "Peroncio"]
[Black "Chess64Surfer"]
[Result "1-0"]
[WhiteElo "2425"]
[BlackElo "2001"]
[TimeControl "180+2"]
[EndTime "13:07:26 PDT"]
[Termination "Peroncio won on time"]

1. e4 d6 2. d4 Nf6 3. Nc3 g6 4. f4 Bg7 5. Nf3 O-O 6. Bd3 Na6 7. O-O c5 8. d5 Bg4 9. Bc4 Nc7 10. a4 e6 11. dxe6 fxe6 12. h3 Bxf3 13. Qxf3 d5 14. exd5 exd5 15. Rd1 Kh8 16. Nxd5 Ncxd5 17. Bxd5 Nxd5 18.
Rxd5 Qb6 19. Be3 Qxb2 20. Rad1 b6 21. Qf2 Rae8 22. Rd7 Qa3 23. R1d3 Qxa4 24. Kh2 c4 25. R3d5 c3 26. Bd4 Bxd4 27. Rxd4 Qc6 28. Qh4 h5 29. Qg5 Qf6 30. Qh6+ 1-0

[Event "*** MasterClass Titled Tuesday Blitz"]
[Site "Chess.com"]
[Date "2017.09.05"]
[Round "1"]
[White "temiksmozg"]
[Black "pandamaster3000"]
[Result "1-0"]
[WhiteElo "2423"]
[BlackElo "1906"]
[TimeControl "180+2"]
[EndTime "13:07:26 PDT"]
[Termination "temiksmozg won by resignation"]

1. d4 Nf6 2. c4 g6 3. Nc3 Bg7 4. e4 d6 5. Nf3 O-O 6. Be2 Na6 7. O-O e5 8. Re1 c6 9. Bf1 Bg4 10. d5 cxd5 11. cxd5 Ne8 12. h3 Bd7 13. a3 f5 14.
Ng5 Nac7 15. Qb3 Qe7 16. Qxb7 f4 17. Ne6 Bxe6 18. dxe6 Qxe6 19. Nd5 Rc8 20. Bc4 Kh8 21. Nb6 d5 22. Nxc8 dxc4 23. Bd2 f3 24. Rac1 fxg2 25. Rc3 Qf7 26. f3 Nf6 27. Nd6 Qd7 28. Nxc4 Qxh3 29. Kf2 Ng4+ 30. Ke2 Qxf3+ 31. Rxf3 1-0

[Event "*** MasterClass Titled Tuesday Blitz"]
[Site "Chess.com"]
[Date "2017.09.05"]
[Round "1"]
[White "Vamostodorecto"]
[Black "BilodeauA"]
[Result "0-1"]
[WhiteElo "2346"]
[BlackElo "2646"]
[TimeControl "180+2"]
[EndTime "13:07:36 PDT"]
[Termination "BilodeauA won on time"]

1. d4 d5 2. c4 dxc4 3. Nf3 a6 4. e3 Bg4 5. Bxc4 e6 6. h3 Bh5 7. g4 Bg6 8. Bf1 Nc6 9. Bg2 Bd6 10. Nc3 Nf6 11.
Nh4 O-O 12. Nxg6 hxg6 13. h4 e5 14. d5 Ne7 15. e4 c6 16. dxc6 Nxc6 17. h5 Bb4 18. Qf3 Nd4 19. Qd3 Ne6 20. Qh3 g5 21. h6 g6 22. Be3 Kh7 23. Rd1 Qa5 24.
O-O Bxc3 25. bxc3 Rad8 26. Qf3 Nf4 27. Bxf4 exf4 28. Rd4 Kxh6 29. Re1 Qe5 0-1

[Event "*** MasterClass Titled Tuesday Blitz"]
[Site "Chess.com"]
[Date "2017.09.05"]
[Round "1"]
[White "ChadaevNikolay"]
[Black "Grebeniuk-S"]
[Result "1-0"]
[WhiteElo "2698"]
[BlackElo "2397"]
[TimeControl "180+2"]
[EndTime "13:07:39 PDT"]
[Termination "ChadaevNikolay won by resignation"]

1. e4 c5 2. Nf3 d6 3. d4 Nf6 4. dxc5 Nxe4 5. cxd6 Nxd6 6. Bf4 Nc6 7. Nc3 Bg4 8. h3 Bh5 9. g4 Bg6 10. Bg2 e6 11.
Ne5 Nxe5 12. Bxe5 Qb6 13. O-O Rd8 14. Qe2 h5 15. Nd5 Qc5 16. Rad1 hxg4 17. hxg4 Be4 18. Bxe4 exd5 19. Rxd5 Qc4 20. Qxc4 Nxc4 21. Bc3 Bd6 22. Rfd1 Bh2+ 23. Kg2 Rxd5 24. Bxd5 Nd6 25. Bxg7 Rg8 26. Bf6 Bf4 27. Kf3 Bh2 28. c4 b6 29. Rh1 Rg6 30.
g5 Rxf6+ 31. gxf6 Be5 32. Bc6+ Kd8 33. Bd5 Bxf6 34. b4 Ke7 35. c5 bxc5 36. bxc5 Nb5 37.
Re1+ Kd7 38. Bxf7 Bc3 39. Rd1+ Kc6 40. Be8+ Kxc5 41. Bxb5 1-0

[Event "*** MasterClass Titled Tuesday Blitz"]
[Site "Chess.com"]
[Date "2017.09.05"]
[Round "1"]
[White "sergiochess83"]
[Black "asms9699"]
[Result "1-0"]
[WhiteElo "2752"]
[BlackElo "2404"]
[TimeControl "180+2"]
[EndTime "13:07:42 PDT"]
[Termination "sergiochess83 won by resignation"]

1. e4 e6 2. d4 d5 3. Nd2 c5 4.
exd5 Qxd5 5. dxc5 Qxc5 6. Bd3 Nf6 7. Ngf3 Qc7 8. O-O Nc6 9. c3 Be7 10. Qe2 O-O 11. Ne4 b6 12. Bg5 Nd5 13. Bxe7 Ncxe7 14. Bc2 Bb7 15. g3 h6 16. Rad1 Rfd8 17. Rd2 f5 18.
Neg5 hxg5 19. Qxe6+ Kh8 20. Nxg5 Rf8 21. Rd4 Ng8 22.
Qg6 Ndf6 23. Bxf5 Nh6 24. Rh4 Rae8 25. Rxh6+ gxh6 26. Qxh6+ Kg8 27. Be6+ Rxe6 28. Qxf8+ Kxf8 29. Nxe6+ Kf7 30. Nxc7 Nh7 31. f4 1-0

[Event "*** MasterClass Titled Tuesday Blitz"]
[Site "Chess.com"]
[Date "2017.09.05"]
[Round "1"]
[White "champ2005"]
[Black "stefanodinn"]
[Result "1-0"]
[WhiteElo "2488"]
[BlackElo "2197"]
[TimeControl "180+2"]
[EndTime "13:07:42 PDT"]
[Termination "champ2005 won by resignation"]

1. e4 c5 2. Nf3 d6 3. d4 cxd4 4. Nxd4 Nf6 5. Nc3 a6 6. h3 e6 7. g4 d5 8. e5 Nfd7 9. f4 Nc6 10.
Be3 Bc5 11. Qd2 O-O 12. Bg2 Nxd4 13. Bxd4 b5 14. O-O Bb7 15. Kh1 Qb6 16. Ne2 b4 17. c3 a5 18. f5 exf5 19. gxf5 Rfe8 20. f6 Nxe5 21. fxg7 Bxd4 22. Nxd4 Ba6 23. Rf4 Nc4 24. Qf2 Ne3 25. Rg1 Re7 26. Nf5 Re6 27. Nxe3 1-0

[Event "*** MasterClass Titled Tuesday Blitz"]
[Site "Chess.com"]
[Date "2017.09.05"]
[Round "1"]
[White "PowerThinking2650"]
[Black "Frolik67"]
[Result "0-1"]
[WhiteElo "2223"]
[BlackElo "2511"]
[TimeControl "180+2"]
[EndTime "13:07:45 PDT"]
[Termination "Frolik67 won by resignation"]

1. e4 e6 2. d4 d5 3. Nd2 Nf6 4. e5 Nfd7 5. Bd3 c5 6. c3 b6 7. Ne2 Ba6 8. Bxa6 Nxa6 9. O-O Be7 10. f4 g6 11. Nf3 cxd4 12. cxd4 b5 13. Be3 Nb6 14.
b3 O-O 15. g4 Qd7 16. Ng3 Rac8 17. f5 Rfe8 18. f6 Bf8 19. h4 Nb4 20. Rf2 Rc3 21. Bd2 Rc7 22. h5 Rec8 23. hxg6 fxg6 24. Ng5 Bh6 25. f7+ Kh8 26. Nxe6 Qxe6 27. Bxh6 Rxf7 28. Rxf7 Qxf7 29. Qf1 Qe6 30. Rc1 Rxc1 31. Bxc1 Nd7 32. Qf3 Nxa2 33. Bg5 b4 34. Ne2 Nc3 35. Nf4 Qb6 36.
e6 Qxd4+ 37. Kh2 Ne5 38. Bf6+ Kg8 39. Bxe5 Qxe5 40. e7 Qxe7 41. Nxd5 Qe5+ 42. Nf4 Ne4 43. Kg2 Qb2+ 44. Kh3 Ng5+ 0-1

[Event "*** MasterClass Titled Tuesday Blitz"]
[Site "Chess.com"]
[Date "2017.09.05"]
[Round "1"]
[White "Daniela_Movileanu"]
[Black "popov_m"]
[Result "0-1"]
[WhiteElo "2010"]
[BlackElo "2427"]
[TimeControl "180+2"]
[EndTime "13:07:45 PDT"]
[Termination "popov_m won by checkmate"]

1. e4 g6 2. d4 Bg7 3. Nf3 d6 4. Be2 Nf6 5. Nc3 O-O 6. O-O a6 7. a4 Nc6 8. d5 Nb4 9. h3 e6 10. Bg5 exd5 11. exd5 Bf5 12. Nd4 Bd7 13. Bc4 h6 14. Bh4 Re8 15. Qd2 g5 16. Bg3 Ne4 17.
Nxe4 Rxe4 18. c3 a5 19. Rfe1 Rxe1+ 20. Rxe1 Na6 21. b3 Nc5 22. Qc2 Qf6 23. Nb5 Bxb5 24. Bxb5 Qxc3 25. Qxc3 Bxc3 26. Re7 Rc8 27. Bc4 Kf8 28.
Re3 Bd4 29. Re2 Re8 30. Kf1 Ne4 31. Bb5 Re7 32. Rc2 Bb6 33. Bh2 f5 34. f3 Nc5 35. Rc3 Kg7 36. Bg1 Kf6 37. Bd4+ Kf7 38. Rc4 Nxb3 39. Bxb6 Nd2+ 40. Kf2 Nxc4 41. Bxc4 cxb6 42.
Bd3 Kf6 43. Bb5 f4 44. g3 Re3 45. h4 Ke5 46. hxg5 hxg5 47. gxf4+ gxf4 48. Bc4 Ra3 49. Bb5 Kxd5 50. Ke2 Kd4 51. Kd2 Ra2+ 52. Kc1 Ke3 53. Kb1 Rh2 54. Kc1 d5 55. Kd1 d4 56.
Kc1 d3 57. Kd1 Rh1# 0-1

[Event "*** MasterClass Titled Tuesday Blitz"]
[Site "Chess.com"]
[Date "2017.09.05"]
[Round "1"]
[White "the_drake"]
[Black "DrVitman"]
[Result "0-1"]
[WhiteElo "2189"]
[BlackElo "2490"]
[TimeControl "180+2"]
[EndTime "13:07:46 PDT"]
[Termination "DrVitman won by resignation"]

1. e4 c5 2. Nf3 Nc6 3. d4 cxd4 4. Nxd4 e5 5. Nb5 a6 6. N5c3 Nf6 7. Bc4 b5 8. Bd5 Nxd5 9. Nxd5 d6 10. O-O Be6 11.
a4 b4 12. c3 Be7 13. Be3 O-O 14. cxb4 Bxd5 15. Qxd5 Nxb4 16. Qc4 d5 17. exd5 Qxd5 18. Na3 Rac8 19. Qxd5 Nxd5 20. Rfd1 Nxe3 21. fxe3 Bc5 22. Kf2 Bxa3 23. Rxa3 Rc2+ 24. Kf3 Rxb2 25. Rd6 e4+ 26. Kg3 f5 27. Rxa6 Rd8 28. Rc3 h6 29. Rc5 Rdd2 30. Rxf5 Rxg2+ 31. Kf4 Rxh2 32. Kxe4 Rb4+ 33. Kd3 Ra2 34.
a5 Ra3+ 35. Ke2 Re4 36. Rf3 Re5 37. Ra8+ Kh7 38. a6 Rea5 39. Rff8 Rxa6 40. Rh8+ Kg6 41.
Rad8 Re6 42. Rd3 Ra2+ 43. Kf3 Rf6+ 44. Kg3 Ra1 45. Rg8 Rg1+ 46. Kh2 Rg4 47. Rd4 Rxd4 48. exd4 Rd6 0-1

[Event "*** MasterClass Titled Tuesday Blitz"]
[Site "Chess.com"]
[Date "2017.09.05"]
[Round "1"]
[White "ditkin25"]
[Black "Bengalas"]
[Result "1-0"]
[WhiteElo "2219"]
[BlackElo "2452"]
[TimeControl "180+2"]
[EndTime "13:07:47 PDT"]
[Termination "ditkin25 won by resignation"]

1. e4 c5 2. Nf3 d6 3. d4 cxd4 4. Nxd4 Nf6 5. f3 e5 6. Nb3 Be6 7. c4 Nbd7 8. Be3 b5 9. c5 dxc5 10. Bxb5 Qb6 11. Nc3 a6 12. Bxd7+ Nxd7 13. Nd5 Qb7 14.
Na5 Qc8 15. O-O Rb8 16. Nc4 f6 17. f4 Rb4 18. b3 Qc6 19. fxe5 Nxe5 20. Nxe5 fxe5 21.
Nxb4 cxb4 22. Qh5+ Kd8 23. Rad1+ Bd7 24. Qxe5 h5 25.
Bg5+ Kc8 26. Rf7 Qc5+ 27. Qxc5+ Bxc5+ 28. Kh1 Bg4 29. Rc1 Kb8 30. Rxc5 Re8 31. h3 1-0

[Event "*** MasterClass Titled Tuesday Blitz"]
[Site "Chess.com"]
[Date "2017.09.05"]
[Round "1"]
[White "grzechu96"]
[Black "chesstatour"]
[Result "1-0"]
[WhiteElo "2437"]
[BlackElo "2055"]
[TimeControl "180+2"]
[EndTime "13:07:47 PDT"]
[Termination "grzechu96 won on time"]

1. e4 c6 2. d4 d5 3. Nc3 dxe4 4. Nxe4 Nf6 5. Nxf6+ gxf6 6. c3 Bf5 7. Nf3 e6 8. g3 Bd6 9. Bg2 Nd7 10. O-O Qc7 11. c4 O-O-O 12. c5 Be7 13. Qe2 Rhe8 14. b4 e5 15.
dxe5 Nxe5 16. Rd1 Nd3 17. Qd2 Nxb4 18. Nd4 Bxc5 19. Qc3 Bxd4 20. Rxd4 Rxd4 21. Qxd4 Nc2 22. Qxf6 Re1+ 23. Bf1 Nxa1 24. Qxf5+ Qd7 25. Qg5 Qh3 26. Qg8+ Kc7 27. Qxf7+ Kb6 28. Be3+ Ka5 29. Bd2+ 1-0

[Event "*** MasterClass Titled Tuesday Blitz"]
[Site "Chess.com"]
[Date "2017.09.05"]
[Round "1"]
[White "chessking2151"]
[Black "Marcus_Harvey"]
[Result "1-0"]
[WhiteElo "2344"]
[BlackElo "2590"]
[TimeControl "180+2"]
[EndTime "13:07:56 PDT"]
[Termination "chessking2151 won on time"]

1. e4 e6 2. d4 d5 3. Nd2 a6 4.
Bd3 c5 5. exd5 exd5 6. Qe2+ Be6 7. dxc5 Bxc5 8. Nb3 Bb6 9. Nf3 Nf6 10. Ng5 Qe7 11. Be3 Bxe3 12. Qxe3 Ng4 13. Qf4 Qf6 14. Nxe6 Qxe6+ 15. Kf1 Ne5 16. Re1 f6 17. Qa4+ Qd7 18. Qf4 O-O 19. Rxe5 fxe5 20. Bxh7+ Kxh7 21. Qxf8 a5 22. h4 a4 23. Nd2 Qb5+ 24. Kg1 Ra6 25. Nf3 e4 26.
Ng5+ Kg6 27. Qe8+ Kh6 28. Qxb5 1-0

[Event "*** MasterClass Titled Tuesday Blitz"]
[Site "Chess.com"]
[Date "2017.09.05"]
[Round "1"]
[White "AllStarShark"]
[Black "pKiLz5Rn9b"]
[Result "0-1"]
[WhiteElo "2327"]
[BlackElo "2616"]
[TimeControl "180+2"]
[EndTime "13:07:57 PDT"]
[Termination "pKiLz5Rn9b won on time"]

1. d4 Nf6 2. Nf3 e6 3. c4 b6 4. Bf4 Bb7 5. e3 Bb4+ 6. Nfd2 O-O 7. a3 Be7 8. Nc3 d5 9. Be2 c5 10. dxc5 bxc5 11. O-O Nc6 12. cxd5 exd5 13. Nf3 Qd7 14. Ne5 Nxe5 15. Bxe5 Rfd8 16. Bf3 d4 17. exd4 cxd4 18.
Bxf6 Bxf6 19. Ne4 Be7 20. Qd3 a5 21. Rfc1 Rab8 22. Nc5 Bxc5 23. Rxc5 Bxf3 24. Qxf3 Rxb2 25. Rxa5 d3 26. Rd1 d2 27. Ra8 h6 28. Rxd8+ Qxd8 29. Qc3 Ra2 30. g3 Qd5 31. h4 h5 32. a4 Qe4 33.
Qc8+ Kh7 34. Kh2 Qf3 35. Qc5 g6 0-1

[Event "*** MasterClass Titled Tuesday Blitz"]
[Site "Chess.com"]
[Date "2017.09.05"]
[Round "1"]
[White "wonderfultime"]
[Black "Goala"]
[Result "1-0"]
[WhiteElo "2665"]
[BlackElo "2368"]
[TimeControl "180+2"]
[EndTime "13:08:00 PDT"]
[Termination "wonderfultime won on time"]

1. d4 e6 2. c4 Nf6 3. Nf3 c5 4. d5 exd5 5. cxd5 d6 6. Nc3 g6 7. Bf4 a6 8. a4 Bg7 9. h3 O-O 10.
e3 Re8 11. Nd2 Nbd7 12. Bxd6 Nb6 13. Bxc5 Nbxd5 14. Bc4 Nxc3 15. bxc3 Qc7 16. Bd4 Bf5 17. O-O Rad8 18. Qb3 Qd7 19. Rfd1 Bxh3 20. gxh3 Qxh3 21.
Qxb7 Rd7 22. Qf3 Qh4 23. Rab1 Ng4 24. Nf1 Rde7 25. Qg3 Qh5 26. Be2 f5 27. Nh2 Be5 28.
Bxe5 Rxe5 29. Bxg4 fxg4 30. Nxg4 Rf5 31. Rb8 Rxb8 32.
Qxb8+ Kg7 33. Rd7+ 1-0

[Event "*** MasterClass Titled Tuesday Blitz"]
[Site "Chess.com"]
[Date "2017.09.05"]
[Round "1"]
[White "W_Amadeus"]
[Black "fastestmindalive"]
[Result "1-0"]
[WhiteElo "2367"]
[BlackElo "2614"]
[TimeControl "180+2"]
[EndTime "13:08:03 PDT"]
[Termination "W_Amadeus won by resignation"]

1. d4 Nf6 2. c4 e5 3. dxe5 Ng4 4. Bf4 Nc6 5. Nf3 Bb4+ 6. Nbd2 Qe7 7. e3 Ngxe5 8. Nxe5 Nxe5 9. Be2 O-O 10. O-O a5 11.
Nb1 d6 12. a3 Bc5 13. Nc3 Be6 14. Nd5 Qd7 15. b3 f6 16. Qd2 Qf7 17. b4 Ba7 18. bxa5 Bc5 19. Rfb1 c6 20. Nb6 Rad8 21. Qc3 g5 22. Bg3 h5 23. h3 h4 24. Bh2 g4 25.
hxg4 Nxg4 26. Bxg4 Bxg4 27. Na4 Ba7 28. c5 dxc5 29. Nxc5 Bxc5 30. Qxc5 Rd5 31. Qb4 Rfd8 32. Qxg4+ Rg5 33. Qxh4 Qd5 34. Bg3 Rd7 35. a6 b5 36. Qf4 Rh5 37. a7 c5 38. Qb8+ Rd8 39.
Rxb5 Kg7 40. Qb7+ Kg6 41. Qxd5 Rhxd5 42. Rb8 1-0

[Event "*** MasterClass Titled Tuesday Blitz"]
[Site "Chess.com"]
[Date "2017.09.05"]
[Round "1"]
[White "MITerryble"]
[Black "ALeks_Ivlev"]
[Result "0-1"]
[WhiteElo "2687"]
[BlackElo "2420"]
[TimeControl "180+2"]
[EndTime "13:08:05 PDT"]
[Termination "ALeks_Ivlev won on time"]

1. d4 Nf6 2. Nf3 e6 3. c4 d5 4.
e3 c6 5. Bd3 Nbd7 6. O-O Bd6 7.
b3 e5 8. Be2 e4 9. Nfd2 O-O 10.
Ba3 Bxa3 11. Nxa3 Qe7 12. Qc1 a6 13. Nc2 Re8 14. Qa3 Qe6 15. Rac1 Nf8 16. Qa5 Ng6 17. Qc7 h5 18. h3 h4 19. Nb4 Bd7 20. cxd5 cxd5 21. a4 Rec8 22. Qh2 Qe7 23. Nc2 Rc3 24. Na1 Rac8 25. Rxc3 Rxc3 26. Qb8+ Bc8 27. Nb1 Rc6 28. Rd1 Kh7 29. Kf1 Be6 30. Kg1 Rc8 31. Qh2 Qb4 32.
Kf1 b5 33. axb5 axb5 34. g4 hxg3 35. Qxg3 Qa5 36. Nd2 Qa3 37. h4 Rc1 38. h5 Qxa1 39. hxg6+ fxg6 40. Qh2+ Kg8 0-1

[Event "*** MasterClass Titled Tuesday Blitz"]
[Site "Chess.com"]
[Date "2017.09.05"]
[Round "1"]
[White "Alex_Molchanov"]
[Black "Mistheoretical"]
[Result "1-0"]
[WhiteElo "2506"]
[BlackElo "2217"]
[TimeControl "180+2"]
[EndTime "13:08:05 PDT"]
[Termination "Alex_Molchanov won by resignation"]

1. c4 Nf6 2. Nc3 g6 3. g3 Bg7 4. Bg2 e5 5. e4 O-O 6. Nge2 Nc6 7. O-O d6 8. d3 h6 9. Nd5 Nd7 10. Be3 Ne7 11. Qd2 Kh7 12. b4 c6 13. Ndc3 a6 14.
a4 f5 15. Rae1 Nf6 16. h3 Be6 17. b5 axb5 18. axb5 f4 19. gxf4 Nh5 20. fxe5 dxe5 21. bxc6 bxc6 22. f4 exf4 23. Bxf4 Nxf4 24. Nxf4 Bxc4 25.
Nce2 Ra2 26. Qe3 Bg8 27. Kh1 Qd6 28. d4 Ra3 29. Qg1 Ra2 30. e5 Qd7 31. Be4 Nf5 32. Qxg6+ Kh8 33. e6 Qe8 34. Qxe8 Rxe8 35. Bxf5 Re7 36.
Ng6+ 1-0

[Event "*** MasterClass Titled Tuesday Blitz"]
[Site "Chess.com"]
[Date "2017.09.05"]
[Round "1"]
[White "pawnwonder"]
[Black "MyleneFarmer"]
[Result "0-1"]
[WhiteElo "1999"]
[BlackElo "2424"]
[TimeControl "180+2"]
[EndTime "13:08:05 PDT"]
[Termination "MyleneFarmer won by resignation"]

1. e4 e6 2. d4 d5 3. e5 c5 4. c3 Nc6 5. Nf3 Qb6 6. a3 c4 7. Nbd2 Na5 8. g3 Bd7 9. Bg2 O-O-O 10. O-O h6 11. h4 f5 12. exf6 gxf6 13. Re1 Ne7 14. Rb1 Nf5 15. b4 cxb3 16. Nxb3 Ba4 17. Nxa5 Bxd1 18. Rxb6 axb6 19. Rxd1 bxa5 20. Re1 Kd7 21.
Bh3 Rc8 22. Bd2 Rg8 23. g4 Nd6 24. Re2 Ne4 25. Be1 Nxc3 26. Bxc3 Rxc3 27. g5 f5 28. Ne5+ Kc7 29. Bg2 hxg5 30. hxg5 Rxg5 31. Nf7 Rc1+ 32. Kh2 Bd6+ 33. Nxd6 Kxd6 34. Rb2 Rh5+ 35. Kg3 Rc3+ 36. f3 Rxa3 37. Rxb7 Rg5+ 38. Kh2 Ra2 39. Rb6+ Kd7 0-1